 Dungeon Crawl Stone Soup version 0.31.0-9-g3a7656b989 (webtiles) character file.

Game seed: 12304138230033471840

242 qw the Shooter (level 5, 0/28 HPs)
             Began as a Spriggan Hunter on Feb 2, 2024.
             Slain by Edmund
             ... wielding a +1 flail of protection
              (9 damage)
             ... on level 4 of the Dungeon.
             The game lasted 00:00:10 (2361 turns).

qw the Shooter (Spriggan Hunter)                    Turns: 2361, Time: 00:00:11

Health: 0/28       AC:  2    Str:  7    XL:     5   Next: 81%
Magic:  15/15      EV: 30    Int: 10    God:
Gold:   201        SH:  0    Dex: 21    Spells: 4/4 levels left

rFire   + . .        a - +0 shortbow
rCold   . . .        (shield currently unavailable)
rNeg    . . .        c - +0 robe
rPois   .            (helmet restricted)
rElec   .            (no cloak)
rCorr   .            (gloves unavailable)
SInv    +            (boots unavailable)
Will    .....        (no amulet)
Stlth   ++           i - ring of Kettunop {rF+ MP+9 EV+5}
HPRegen 0.24/turn    g - +5 ring of evasion
MPRegen 0.14/turn

%: no passive effects
@: very quick
A: very small, no large weapons, unfitting armour, see invisible, speed 3
a: no special abilities


You were on level 4 of the Dungeon.
You visited 1 branch of the dungeon, and saw 4 of its levels.

You collected 201 gold pieces.


Innate Abilities, Weirdness & Mutations

You are very small and have problems with some larger weapons.
You are too small for most types of armour.
You have supernaturally acute eyesight. (SInv)
You cover ground extremely quickly. (Speed+++)


   Skills:
 - Level 2.8 Fighting
 + Level 5.4 Ranged Weapons
 - Level 5.2 Dodging
 - Level 1.5 Stealth


You had 4 spell levels left.
You didn't know any spells.
Your spell library was empty.

Inventory:

Hand Weapons
 a - a +0 shortbow (weapon)
Armour
 c - a +0 robe (worn)
Jewellery
 g - a +5 ring of evasion (right hand)
 i - the ring of Kettunop (left hand) {rF+ MP+9 EV+5}
   (You found it on level 3 of the Dungeon)

   [ring of evasion]

   EV+5:      It affects your evasion (+5).
   rF+:       It protects you from fire.
   MP+9:      It affects your magic capacity (+9).
Potions
 b - 3 potions of enlightenment
 d - a potion of curing
 e - a potion of ambrosia {unknown}
 f - a potion of invisibility {unknown}

Dungeon Overview and Level Annotations

Branches:
Dungeon (4/15)
 Temple: D:4-7

Altars:

Shops:
D:4 *

Annotations:
D:2 1 runed translucent door, Crazy Yiuf
D:4 Edmund


Message History

Edmund barely misses you.
2353 ||| ZAPPING wand of flame (4) at 1,0 (Edmund; floor).
Aiming: Throw Flame
Press: ? - help, Q - select action, (/) - cycle Shift-Dir - straight line, f/p - Edmund The puff of flame hits Edmund.
Edmund resists.
Edmund is lightly wounded.
Edmund misses you.
2354 ||| ZAPPING wand of flame (3) at 1,0 (Edmund; floor).
Aiming: Throw Flame
Press: ? - help, Q - select action, (/) - cycle Shift-Dir - straight line, f/p - Edmund The puff of flame hits Edmund but does no damage.
Edmund is lightly wounded.
Edmund completely misses you.
2355 ||| ZAPPING wand of flame (2) at 1,0 (Edmund; floor).
Aiming: Throw Flame
Press: ? - help, Q - select action, (/) - cycle Shift-Dir - straight line, f/p - Edmund The puff of flame hits Edmund.
Edmund resists.
Edmund is lightly wounded.
Edmund completely misses you.
2356 ||| ZAPPING wand of flame (1) at 1,0 (Edmund; floor).
Aiming: Throw Flame
Press: ? - help, Q - select action, (/) - cycle Shift-Dir - straight line, f/p - Edmund The puff of flame misses Edmund.
The now-empty wand crumbles to dust.
Edmund completely misses you.
You shoot an arrow. The arrow barely misses Edmund.
Edmund hits you with a +1 flail of protection.
You shoot an arrow. The arrow hits Edmund.
Edmund is moderately wounded.
Edmund hits you with a +1 flail of protection!
You shoot an arrow. The arrow hits Edmund.
Edmund is moderately wounded.
Edmund misses you.
You shoot an arrow. The arrow barely misses Edmund.
Edmund hits you with a +1 flail of protection!
You shoot an arrow.
The arrow hits Edmund but does no damage.
Edmund is moderately wounded.
Edmund hits you with a +1 flail of protection!
You die...
Edmund says, "That'll show my brother!"

.............##......
.....^....).....#....
...........)..#.....#
.....#..)).#....#... $
.....###.........# ###..
.................##....#
....##...........#....##
.......#................
..# ##.#####...<@@.#.. .
##..##....... ......
....... ...........###..
.........#.#%#..
.......###.###..
.......#%#...... ....=..
.\.###


You could see Edmund.

Vanquished Creatures
  A phantom (D:4)
  An orc wizard (D:3)
  3 gnolls (D:4)
  3 adders
  3 dart slugs
  3 ribbon worms
  11 orcs
  4 endoplasms
  6 giant cockroaches
  6 goblins
  3 hobgoblins
  4 kobolds
  2 quokkas (D:1)
  4 ball pythons
  A bat (D:3)
  4 frilled lizards
  5 rats
64 creatures vanquished.

Notes
Turn   | Place    | Note
-------+----------+-------------------------------------------
     0 | D:1      | qw the Spriggan Hunter began the quest for the Orb.
     0 | D:1      | Reached XP level 1. HP: 10/10 MP: 2/2
     0 | D:1      | 0 ||| qw: Version: 0.3-a-155-g5e7d8dd
     0 | D:1      | 0 ||| qw: Game counter: 684
     0 | D:1      | 0 ||| qw: Melee chars always use a shield: true
     0 | D:1      | 0 ||| qw: God list: Okawaru
     0 | D:1      | 0 ||| qw: Allow faded altars: false
     0 | D:1      | 0 ||| qw: Do Orc after clearing Dungeon:15 true
     0 | D:1      | 0 ||| qw: Do second Lair branch before Depths: true
     0 | D:1      | 0 ||| qw: Lair rune preference: random
     0 | D:1      | 0 ||| qw: Goals: Normal
     0 | D:1      | 0 ||| PLANNING D:1-11
   104 | D:1      | Found a faded altar of an unknown god.
   238 | D:1      | Reached skill level 3 in Dodging
   268 | D:1      | Reached XP level 2. HP: 8/14 MP: 3/3
   835 | D:1      | 835 ||| READING 2 scrolls labelled WEQAME JIKHLEAPS.
   835 | D:1      | 835 ||| IDENTIFYING scroll labelled ZEIVEMN HYCHAL
   836 | D:1      | 836 ||| READING scroll of identify.
   836 | D:1      | 836 ||| IDENTIFYING scroll labelled LORITRE TIGYK
   837 | D:1      | 837 ||| READING scroll labelled QIOLET CIOCOY.
   838 | D:1      | 838 ||| DROPPING scroll of butterflies.
   839 | D:1      | 839 ||| DROPPING scroll of noise.
   840 | D:1      | 840 ||| DROPPING scroll of amnesia.
   887 | D:2      | Reached XP level 3. HP: 18/18 MP: 4/4
  1300 | D:2      | Found a runed translucent door.
  1301 | D:2      | Noticed Crazy Yiuf
  1554 | D:2      | 1554 ||| READING scroll labelled TECZIN BAQ.
  1555 | D:2      | 1555 ||| DRINKING 4 silvery potions.
  1556 | D:2      | 1556 ||| DRINKING 2 orange potions.
  1598 | D:2      | 1598 ||| DROPPING potion of lignification.
  1629 | D:3      | 1629 ||| STAIRDANCE
  1646 | D:3      | Reached XP level 4. HP: 22/22 MP: 5/5
  1836 | D:3      | 1836 ||| FLEEEEING.
  1837 | D:3      | 1837 ||| FLEEEEING.
  1838 | D:3      | 1838 ||| FLEEEEING.
  1839 | D:3      | 1839 ||| FLEEEEING.
  1840 | D:3      | 1840 ||| FLEEEEING.
  1841 | D:3      | 1841 ||| FLEEEEING.
  1842 | D:3      | 1842 ||| STAIRDANCE
  1889 | D:2      | 1889 ||| UPGRADING to ring of willpower.
  2088 | D:3      | Identified the ring of Kettunop {rF+ MP+9 EV+5}
  2115 | D:3      | 2115 ||| UPGRADING to +5 ring of evasion.
  2116 | D:3      | 2116 ||| UPGRADING to ring of Kettunop {rF+ MP+9 EV+5}.
  2182 | D:3      | 2182 ||| DROPPING ring of willpower.
  2183 | D:3      | 2183 ||| READING scroll of identify.
  2183 | D:3      | 2183 ||| IDENTIFYING purple potion
  2201 | D:4      | Noticed a phantom
  2202 | D:4      | 2202 ||| ZAPPING wand of flame (15) at -7,-4 (phantom;
                  | floor).
  2203 | D:4      | 2203 ||| ZAPPING wand of flame (14) at -6,-4 (phantom;
                  | floor).
  2204 | D:4      | 2204 ||| ZAPPING wand of flame (13) at -5,-3 (phantom;
                  | floor).
  2205 | D:4      | 2205 ||| ZAPPING wand of flame (12) at -4,-3 (phantom;
                  | floor).
  2206 | D:4      | 2206 ||| ZAPPING wand of flame (11) at -3,-2 (phantom;
                  | floor).
  2206 | D:4      | Killed a phantom
  2207 | D:4      | Reached XP level 5. HP: 28/28 MP: 6/6
  2342 | D:4      | Found Gaecsoq's Assorted Antiques.
  2342 | D:4      | Noticed Edmund
  2347 | D:4      | 2347 ||| ZAPPING wand of flame (10) at 6,3 (Edmund; floor).
  2348 | D:4      | 2348 ||| ZAPPING wand of flame (9) at 5,2 (Edmund; floor).
  2349 | D:4      | 2349 ||| ZAPPING wand of flame (8) at 4,2 (Edmund; floor).
  2350 | D:4      | 2350 ||| ZAPPING wand of flame (7) at 3,1 (Edmund; floor).
  2351 | D:4      | 2351 ||| ZAPPING wand of flame (6) at 2,0 (Edmund; floor).
  2352 | D:4      | 2352 ||| ZAPPING wand of flame (5) at 1,0 (Edmund; floor).
  2353 | D:4      | 2353 ||| ZAPPING wand of flame (4) at 1,0 (Edmund; floor).
  2354 | D:4      | 2354 ||| ZAPPING wand of flame (3) at 1,0 (Edmund; floor).
  2355 | D:4      | 2355 ||| ZAPPING wand of flame (2) at 1,0 (Edmund; floor).
  2356 | D:4      | 2356 ||| ZAPPING wand of flame (1) at 1,0 (Edmund; floor).
  2361 | D:4      | Slain by Edmund

Levels and vault maps discovered:
D:1:      dpeg_arrival_leaves_temple_mockup, layout_basic,
          shapermc_ecumenical_altar_notcrosses, minivault_14
D:2:      layout_loops_ring, uniq_crazy_yiuf_cottage
D:3:      layout_rooms
D:4:      layout_rooms, mainiacjoe_overflow_alcove_1,
          worldfamousw_hep_ancestral_shrine, serial_shops,
          nicolae_shop_gibbet_a_chance, grunt_decor_one_mirror, uniq_edmund

Skill      XL: |  1  2  3  4 |
---------------+-------------+-----
Dodging        | 3 4 5 |  5.2
Ranged Weapons | 5 |  5.4
Fighting       | 2 |  2.8
Stealth        | |  1.5

Action                     |  1- 3 |  4- 6 || total
---------------------------+-------+-------++-------
   Fire: Shortbow          |   104 |   115 ||   219
  Evoke: Wand              |       |    15 ||    15
    Use: Scroll            |     4 |     1 ||     5
         Potion            |     2 |       ||     2
 Armour: Robe              |    20 |    19 ||    39
  Dodge: Dodged            |    50 |    73 ||   123

Table legend:
 A = Non-vault XP
 B = Vault XP
 C = Vault XP percentage of total XP
 D = Non-vault monster count
 E = Vault monster count
 F = Vault count percentage of total count
                 A         B        C        D         E       F
            +---------+---------+-------+---------+---------+-------
      Total |     346 |       0 |   0.0 |      64 |       0 |   0.0
            +---------+---------+-------+---------+---------+-------
        D:1 |      30 |       0 |   0.0 |      14 |       0 |   0.0
        D:2 |      63 |       0 |   0.0 |      18 |       0 |   0.0
        D:3 |      94 |       0 |   0.0 |      24 |       0 |   0.0
        D:4 |     159 |       0 |   0.0 |       8 |       0 |   0.0
            +---------+---------+-------+---------+---------+-------
